[Event "Late-Titled-Tuesday-Blitz-October-10-2023"]
[Site "Chess.com"]
[Date "2023.10.10"]
[Round "1"]
[White "micke12a"]
[Black "NFChess13"]
[Result "1/2-1/2"]
[WhiteElo "2340"]
[BlackElo "2640"]
[TimeControl "180+1"]
[EndTime "14:07:57 PDT"]
[Termination "Game drawn - insufficient material"]

1. e4 g6 2. d4 Bg7 3. Nc3 a6 4. Be3 b5 5. Qd2 Bb7 6. f3 e6 7. Bd3 d6 8. h4 h5 9. a4 c6 10. axb5 axb5 11. Rxa8 Bxa8 12. d5 b4 13. Na4 cxd5 14.
Qxb4 Nd7 15. Bb5 Nf6 16. Qxd6 Bf8 17. Qa6 dxe4 18. Nb6 Bd5 19. Nxd5 Nxd5 20. Bd4 Nc7 21. Qc6 Nxb5 22. Qxb5 Rh7 23. fxe4 Bg7 24. Nf3 Bxd4 25.
Nxd4 Qb6 26. Qxb6 Nxb6 27. Ke2 e5 28. Nf3 f6 29. b3 Ra7 30. Rd1 Ra2 31. Rd6 Nd7 32.
Kd2 Nc5 33. Ke3 Rxc2 34. Rxf6 Rc3+ 35. Ke2 Nxe4 36. Rxg6 Rxb3 37. Re6+ Kf7 38. Rxe5 Nf6 39. Ng5+ Kg6 40. Re6 Kf5 41. Ra6 Ng4 42. Ra5+ Kf4 43. Nf3 Rb2+ 44. Kd3 Rxg2 45. Nd4 Ne5+ 46. Kc3 Rg3+ 47.
Kc2 Rh3 48. Ne6+ Kf5 49. Ng7+ Kg6 50. Rxe5 Kxg7 51. Rxh5 Kg6 52. Rg5+ Kh6 53. Rg2 Kh5 54. Rd2 Rxh4 55. Rd3 Rc4+ 56. Rc3 Rg4 57. Rd3 Kg5 58. Kc3 Kf4 59. Rd4+ Kf5 60. Rxg4 Kxg4 1/2-1/2

[Event "Late-Titled-Tuesday-Blitz-October-10-2023"]
[Site "Chess.com"]
[Date "2023.10.10"]
[Round "1"]
[White "ItalianMachine"]
[Black "Grandmaster1369"]
[Result "0-1"]
[WhiteElo "2417"]
[BlackElo "2765"]
[TimeControl "180+1"]
[EndTime "14:07:58 PDT"]
[Termination "Grandmaster1369 won on time"]

1. d4 Nf6 2. c4 e6 3. Nc3 Bb4 4.
e3 O-O 5. Bd3 c5 6. Nf3 d5 7. cxd5 Nxd5 8. Bd2 cxd4 9. Nxd4 Nxc3 10. bxc3 Be7 11. O-O e5 12. Qh5 g6 13. Qxe5 Bf6 14.
Qg3 Nc6 15. Bc4 Ne5 16. Bb3 a5 17. a4 Qe7 18. Bc1 Re8 19. Ba3 Qd8 20. Nb5 Be6 21.
Rfd1 Qb8 22. Bd6 Qc8 23. Bxe6 Rxe6 24. Bxe5 Bxe5 25. Qf3 Raa6 26. Rd3 Kg7 27. Qd5 Bf6 28. Rc1 Re5 29. Qd7 Qc4 30. Rd4 Qe2 31. Qxb7 Rf5 32.
Rf4 Rxf4 33. exf4 Re6 34. g3 Qb2 35. Rf1 Qb3 36. Nd6 Qxb7 37. Nxb7 Bxc3 38. Rc1 Bb4 39. Nd8 Re8 40. Nc6 Ba3 41. Rc4 Re1+ 42. Kg2 Re2 43. Nxa5 h5 0-1

[Event "Late-Titled-Tuesday-Blitz-October-10-2023"]
[Site "Chess.com"]
[Date "2023.10.10"]
[Round "1"]
[White "lamomiajunior"]
[Black "Dr_crypt"]
[Result "1-0"]
[WhiteElo "2721"]
[BlackElo "2399"]
[TimeControl "180+1"]
[EndTime "14:07:59 PDT"]
[Termination "lamomiajunior won by resignation"]

1. d4 Nf6 2. c4 e6 3. Nc3 Bb4 4.
e3 c5 5. Ne2 d5 6. a3 Ba5 7.
dxc5 dxc4 8. Qxd8+ Bxd8 9. Nd4 Nbd7 10. c6 Nb6 11. g3 bxc6 12. Bg2 Nfd5 13. Nxc6 Bf6 14.
Nxd5 exd5 15. O-O Bb7 16. Nd4 O-O 17. Bd2 a5 18. Bc3 Na4 19. Rfd1 Rfd8 20. Nb5 Bxc3 21. Nxc3 Nxc3 22. bxc3 Bc6 23. Rd4 Rab8 24. Rad1 Rb3 25. Rxc4 Ba8 26. Bxd5 Kf8 27. Rc8 Rxc8 28. Bxb3 Rxc3 29.
Rd8+ Ke7 30. Rxa8 Rxb3 31. Rxa5 h5 32. Rxh5 Rxa3 33. Rd5 Ke6 34. Rd4 f5 35. h4 Ra6 36.
Kg2 Kf6 37. Kf3 g6 38. Kf4 Rb6 39. f3 Ra6 40. e4 fxe4 41. Rxe4 Rb6 42. g4 Ra6 43. Kg3 Rb6 44. Kf4 Ra6 45. g5+ Kf7 46.
Rb4 Rc6 47. Rb7+ Kg8 48. Re7 Kf8 49. Re4 Kf7 50. Kg4 Rc1 51. Ra4 Rf1 52. Ra7+ Kg8 53.
f4 Rg1+ 54. Kf3 Rh1 55. Ke4 Rxh4 56. Ke5 Rg4 57. Ra4 Kf7 58. Ra7+ Kg8 59. Ra6 Kf7 60. Rf6+ Kg7 61. Ke6 Rg1 62. Rf7+ Kg8 63. Kf6 Ra1 64. Kxg6 Ra6+ 65. Rf6 Ra7 66. Rb6 Rg7+ 67. Kf5 Rf7+ 68.
Kg4 Ra7 69. f5 Ra4+ 70. Kh5 Ra7 71. f6 Rb7 72. Rxb7 1-0

[Event "Late-Titled-Tuesday-Blitz-October-10-2023"]
[Site "Chess.com"]
[Date "2023.10.10"]
[Round "1"]
[White "familijatop71"]
[Black "The_Straightforward_Rook"]
[Result "0-1"]
[WhiteElo "2153"]
[BlackElo "2551"]
[TimeControl "180+1"]
[EndTime "14:08:03 PDT"]
[Termination "The_Straightforward_Rook won by resignation"]

1. e4 e5 2. Nf3 Nc6 3. Bc4 Bc5 4. d3 a6 5. a4 d6 6. h3 h6 7. O-O g5 8. Nh2 Qf6 9. Be3 Nge7 10. c3 Be6 11.
Nd2 O-O 12. b4 Bb6 13. Qh5 Kg7 14. Ng4 Qg6 15. Qxg6+ Nxg6 16. Bxb6 cxb6 17. g3 Rfd8 18. Kh2 Nce7 19. Ne3 d5 20. exd5 Nxd5 21. Nxd5 Bxd5 22. Rad1 Rac8 23. Rfe1 f6 24. Bxd5 Rxd5 25. Ne4 Nf8 26. c4 Rd4 27. f3 Rcd8 28. Nf2 Ne6 29. Rc1 h5 30. Red1 Kg6 31. Rb1 f5 32. Rdc1 R8d7 33. c5 bxc5 34. bxc5 Nd8 35. Rb6+ Kg7 36. a5 Ra4 37.
Rcb1 Rxa5 38. g4 fxg4 39. hxg4 Rxc5 40. gxh5 Rc6 41. Kg3 Rxb6 42. Rxb6 Nc6 43. Ne4 Kh6 44. Nf6 Rxd3 45. Rxb7 g4 46. Rb6 Rxf3+ 47. Kxg4 Rxf6 48. Rxa6 Kg7 49. Kg5 e4 50. Ra3 Ne7 51. Re3 Re6 52. Kf4 Nd5+ 53. Kf5 Nxe3+ 54. Kxe6 Ng2 55. Ke5 e3 56.
Kf5 e2 57. Kg4 e1=Q 58. h6+ Kxh6 0-1

[Event "Late-Titled-Tuesday-Blitz-October-10-2023"]
[Site "Chess.com"]
[Date "2023.10.10"]
[Round "1"]
[White "DvaHrasta"]
[Black "Zhigalko_Sergei"]
[Result "0-1"]
[WhiteElo "2472"]
[BlackElo "2904"]
[TimeControl "180+1"]
[EndTime "14:08:05 PDT"]
[Termination "Zhigalko_Sergei won on time"]

1. c4 e5 2. g3 Nf6 3. Bg2 c6 4. Nf3 d6 5. O-O Be7 6. Nc3 O-O 7. e4 Bg4 8. h3 Bxf3 9. Bxf3 Nbd7 10. d4 a5 11. Bg2 Re8 12. Be3 Qc7 13. b3 Bf8 14. Qd2 g6 15. Kh2 Bg7 16. f4 Rad8 17. d5 exf4 18.
gxf4 cxd5 19. cxd5 Ng4+ 20. hxg4 Bxc3 21. Qc2 Nf6 22. Bf3 Nxd5 23. exd5 Rxe3 24. Rac1 Qe7 25. Qf2 Bd4 26. Rce1 Re8 27. Rxe3 Bxe3 28. Qg3 Qf6 29. Bg2 Bd4 30. Kh1 Re2 31. Bf3 Re3 32. Kg2 Bc5 33. Rd1 Qb2+ 34. Kh3 Qc3 35. Rf1 Bd4 36. Kg2 Qb2+ 37. Rf2 Qc3 38. Re2 Rxe2+ 39. Bxe2 Qd2 40. Qf3 Qxa2 41. f5 Qd2 42. fxg6 hxg6 43. Qe4 Be5 44. Kf3 Qc3+ 45. Bd3 b5 46. g5 a4 47. bxa4 bxa4 48.
Ke2 a3 49. Qc4 Qb2+ 50. Kf3 a2 51. Qc8+ Kg7 52. Qh3 a1=Q 53. Qh6+ Kg8 0-1

[Event "Late-Titled-Tuesday-Blitz-October-10-2023"]
[Site "Chess.com"]
[Date "2023.10.10"]
[Round "1"]
[White "Rodalquilar"]
[Black "Schwindle"]
[Result "1-0"]
[WhiteElo "2749"]
[BlackElo "2410"]
[TimeControl "180+1"]
[EndTime "14:08:05 PDT"]
[Termination "Rodalquilar won by resignation"]

1. d4 Nf6 2. Nf3 e6 3. Bf4 d5 4.
e3 Bd6 5. Nbd2 Nc6 6. Bd3 O-O 7. c3 Qe7 8. Ne5 Nd7 9. Nxc6 bxc6 10. Qf3 e5 11. dxe5 Nxe5 12. Bxe5 Bxe5 13. Bf5 Ba6 14. Nb3 Rab8 15. Rd1 Bc4 16. Bc2 a5 17. Rd2 g6 18.
Bd1 Rb5 19. Nd4 Rb6 20. b3 Ba6 21. Be2 Bxe2 22. Nxe2 Qa3 23. O-O Bg7 24. e4 dxe4 25. Qxe4 Qc5 26. Rfd1 h5 27. h3 Rbb8 28. Rd3 Rbe8 29.
Qf3 Re6 30. Nd4 Rf6 31. Qg3 Re8 32. Qxc7 Qg5 33. Qg3 Qc5 34. Re3 Rd8 35. Rde1 Rd5 36. Re8+ Kh7 37. Qd3 Rg5 38. Qe3 Qd5 39. Qe4 Qd6 40. Re5 Rxe5 41. Qxe5 Qa3 42. Qe2 Qc5 43. Nf3 Qxc3 44. Ng5+ Kg8 45. Ne4 Qe5 46. Nxf6+ Qxf6 47. Qe8+ Kh7 48. Qe7 Qf5 49. Qe4 Qf6 50. Re3 Qa1+ 51. Kh2 Qxa2 52. Qxc6 Qd2 53. Qf3 Qd6+ 54. g3 Bd4 55.
Rd3 Qe5 56. Qxf7+ 1-0

[Event "Late-Titled-Tuesday-Blitz-October-10-2023"]
[Site "Chess.com"]
[Date "2023.10.10"]
[Round "1"]
[White "albi1999"]
[Black "GMMikhailKazakov"]
[Result "1-0"]
[WhiteElo "2657"]
[BlackElo "2337"]
[TimeControl "180+1"]
[EndTime "14:08:05 PDT"]
[Termination "albi1999 won on time"]

1. Nf3 Nf6 2. b3 e6 3. Bb2 d5 4. e3 Be7 5. c4 O-O 6. Nc3 b6 7. cxd5 exd5 8. d4 Bb7 9. Bd3 a6 10. O-O Nbd7 11. Qc2 Bd6 12. Rad1 Re8 13. Ne2 Ne4 14.
Ng3 g6 15. Qb1 h5 16. Ne5 Qe7 17. Nxe4 dxe4 18. Bxe4 Bxe4 19. Qxe4 Nxe5 20. dxe5 Bxe5 21. Bxe5 Qxe5 22. Qc6 Rad8 23. h3 a5 24. a4 Kf8 25.
Rc1 Re7 26. Rfd1 Rxd1+ 27. Rxd1 Qe6 28. Rd8+ Kg7 29. Qa8 Qe5 30. Rg8+ Kf6 31. Qf8 h4 32. Qh6 Qg5 33. Qh8+ Ke6 34. Rd8 Qf6 35. Qh6 Qa1+ 36. Kh2 Qe5+ 37. f4 Qf6 38. Rd4 Kf5 39. Rd5+ Ke4 40.
Rd1 c5 41. Rf1 Kd3 42. f5 Qe5+ 43. Kh1 gxf5 44. Qxh4 Qe4 45. Qf2 Kc3 46. Qa2 Kb4 47. Rc1 b5 48. Qd2+ Ka3 49. Ra1+ Kxb3 50. axb5 Qb4 51. Rb1+ Kc4 52. Qe2+ Kd5 53. Qd3+ 1-0

[Event "Late-Titled-Tuesday-Blitz-October-10-2023"]
[Site "Chess.com"]
[Date "2023.10.10"]
[Round "1"]
[White "AlivodicDario"]
[Black "ContrVersia"]
[Result "0-1"]
[WhiteElo "2459"]
[BlackElo "2891"]
[TimeControl "180+1"]
[EndTime "14:08:06 PDT"]
[Termination "ContrVersia won on time"]

1. d4 Nf6 2. c4 e6 3. Nc3 Bb4 4. f3 c5 5. d5 exd5 6. cxd5 O-O 7. e4 d6 8. Ne2 Re8 9. Ng3 Nbd7 10. Be2 Ne5 11. O-O a6 12. a3 Ba5 13. Be3 Bd7 14. Rb1 b5 15. b4 cxb4 16. axb4 Bb6 17. Qd2 Qb8 18. Rfc1 Rc8 19. Nd1 Qa7 20. h3 Nc4 21. Bxc4 bxc4 22. Rc3 Rab8 23. Ne2 a5 24. Kf1 a4 25.
Ra3 Bb5 26. Nec3 Bxe3 27. Qxe3 Qd7 28. Nxb5 Rxb5 29. Nc3 Rb7 30. Rxa4 Qc7 31. b5 Nd7 32. Qd4 Nb6 33. Ra6 h5 34. Re1 h4 35. e5 dxe5 36.
Rxe5 Qd8 37. d6 Nd7 38. Re7 Rcb8 39. Qf4 Nc5 40. Rxb7 Rxb7 41. Rc6 Ne6 42. Qxc4 Rb8 43. Nd5 Qg5 44. Ne7+ Kh7 45. Qe4+ g6 46. Rc4 Rxb5 47. Qxh4+ Qxh4 48. Rxh4+ Kg7 49. Rc4 Rb1+ 50. Kf2 Rb6 51. Nc8 Ra6 52. d7 Ra2+ 53. Ke3 Rxg2 54. Nd6 Rg1 55. Nb7 Rd1 0-1

[Event "Late-Titled-Tuesday-Blitz-October-10-2023"]
[Site "Chess.com"]
[Date "2023.10.10"]
[Round "1"]
[White "Squirlolz"]
[Black "PawnEatingZombie"]
[Result "1-0"]
[WhiteElo "2570"]
[BlackElo "2197"]
[TimeControl "180+1"]
[EndTime "14:08:06 PDT"]
[Termination "Squirlolz won on time"]

1. e4 e6 2. d4 d5 3. e5 c5 4. c3 Nc6 5. Nf3 Bd7 6. Bd3 Nge7 7. dxc5 a5 8. O-O Ng6 9. Re1 Bxc5 10. Nbd2 a4 11.
Qe2 O-O 12. Rb1 Nf4 13. Qf1 Nxd3 14. Qxd3 f6 15. exf6 Qxf6 16. Nf1 h6 17. Be3 Bd6 18. Ng3 Be8 19. Rbd1 Bg6 20. Qe2 Rad8 21. Bd4 Qf7 22. Qxe6 Nxd4 23. Nxd4 Rfe8 24. Qxf7+ Bxf7 25. Ngf5 Bf8 26.
f3 g6 27. Ne3 a3 28. b3 Bg7 29. Kf2 Rc8 30. Nxd5 Bxd5 31. Rxe8+ Rxe8 32. Nb5 Bf7 33. c4 Bf6 34. Nxa3 Rd8 35. Rxd8+ Bxd8 36. Nb5 Be7 37. Ke3 Kf8 38. g4 Ke8 39. f4 Kd7 40. Ke4 Kc6 41. f5 g5 42. a3 Kc5 43. Nd4 Bd6 44. Nf3 Bf4 45. h4 Bc1 46. b4+ Kxc4 47. Ne5+ Kb3 48. Nxf7 gxh4 49. Nd6 h3 50. Kf3 h2 51. Kg2 Bf4 52. Nxb7 Kxa3 53. b5 Kb4 54. f6 h5 55.
gxh5 Bh6 56. Kxh2 Kxb5 57. Nd6+ Kc6 58. Nf5 Bf8 59. h6 1-0

[Event "Late-Titled-Tuesday-Blitz-October-10-2023"]
[Site "Chess.com"]
[Date "2023.10.10"]
[Round "1"]
[White "Angry_Twin"]
[Black "onnoelgersma"]
[Result "0-1"]
[WhiteElo "2946"]
[BlackElo "2516"]
[TimeControl "180+1"]
[EndTime "14:08:09 PDT"]
[Termination "onnoelgersma won by checkmate"]

1. e4 c6 2. d4 d5 3. e5 c5 4.
Nf3 cxd4 5. Nxd4 e6 6. c4 Nc6 7. Nc3 Bc5 8. Nb3 Bb4 9. cxd5 exd5 10. Bb5 Ne7 11. O-O O-O 12. Bg5 h6 13. Bh4 a6 14.
Bxc6 bxc6 15. a3 Bxc3 16. bxc3 g5 17. Bg3 Nf5 18. Nd4 Be6 19. Nxc6 Qd7 20. Nd4 Rac8 21. Qh5 Kg7 22. Qf3 Rc4 23. h4 Rfc8 24. hxg5 hxg5 25.
Nxf5+ Bxf5 26. Qe3 Qe7 27. Qd2 Be6 28. Rac1 Rh8 29. f4 gxf4 30. Bxf4 Qh4 31. Rf3 d4 32. cxd4 Rxc1+ 33. Qxc1 Qh1+ 34. Kf2 Qxc1 35. Bxc1 Bd5 36.
Rg3+ Kf8 37. a4 Ke7 38. Rg4 Ke6 39. Rf4 Rc8 40. Rf6+ Ke7 41. Ba3+ Ke8 42. Rxa6 Rc2+ 43. Ke1 Rxg2 44. Bd6 Kd7 45. Ra7+ Ke6 46. a5 Kf5 47. Kf1 Ra2 48. Rc7 Ke4 49. Bc5 Rxa5 50. Rc8 Ra2 51. Ke1 Ke3 52. Kd1 Be4 53. Bb4 Rb2 54. Bc3 Rb1# 0-1

[Event "Late-Titled-Tuesday-Blitz-October-10-2023"]
[Site "Chess.com"]
[Date "2023.10.10"]
[Round "1"]
[White "EsmeraldasAnderson03"]
[Black "BardArtem"]
[Result "1/2-1/2"]
[WhiteElo "2442"]
[BlackElo "2807"]
[TimeControl "180+1"]
[EndTime "14:08:13 PDT"]
[Termination "Game drawn - insufficient material"]

1. d4 d5 2. c4 c6 3. cxd5 cxd5 4. Nc3 Nf6 5. Bf4 Nc6 6. e3 a6 7. Nf3 Bg4 8. h3 Bxf3 9. Qxf3 e6 10. Bd3 Bd6 11. O-O O-O 12. a3 Bxf4 13. Qxf4 Rc8 14. Na4 Nd7 15. Qd6 Qc7 16. Qxc7 Rxc7 17. b4 Rfc8 18. Nc5 a5 19. Bb5 axb4 20. axb4 Kf8 21. Bxc6 bxc6 22. Ra6 Nxc5 23. bxc5 Ke7 24. Rb1 Kd7 25.
Rbb6 f6 26. g4 e5 27. Kg2 exd4 28. exd4 Re8 29. Rb3 Re4 30. Ra4 g5 31. Re3 Rb7 32. Kf3 Rf4+ 33. Kg3 f5 34. gxf5 Rxf5 35. Ra8 Rf7 36. Rh8 Rb4 37. Ra8 Rb7 38. Rh8 Rb4 39.
Ra8 Kc7 40. Ra7+ Rb7 41. Rxb7+ Kxb7 42. Kg4 Rxf2 43. Kxg5 Rd2 44. Re7+ Ka6 45. Rc7 Kb5 46. Rb7+ Kc4 47. Rb6 Kxd4 48. Rxc6 Rh2 49. h4 Kc4 50. h5 d4 51. Rc7 d3 52. Rxh7 Kxc5 53. Rd7 Kc4 54.
h6 Kc3 55. Kg6 d2 56. h7 Rh3 57. Kg7 Rg3+ 58. Kf8 Rh3 59. Kg8 Rxh7 60. Kxh7 Kc2 61. Rxd2+ Kxd2 1/2-1/2

[Event "Late-Titled-Tuesday-Blitz-October-10-2023"]
[Site "Chess.com"]
[Date "2023.10.10"]
[Round "1"]
[White "GoltsevDmitry2000"]
[Black "ElenGajger"]
[Result "1/2-1/2"]
[WhiteElo "2702"]
[BlackElo "2395"]
[TimeControl "180+1"]
[EndTime "14:08:15 PDT"]
[Termination "Game drawn by repetition"]

1. e4 c5 2. Nf3 g6 3. d4 cxd4 4. Qxd4 Nf6 5. Nc3 Nc6 6. Qa4 d6 7. e5 dxe5 8. Nxe5 Bd7 9. Nxd7 Qxd7 10. Bb5 Bg7 11. O-O O-O 12. Bg5 a6 13. Be2 Qd4 14.
Qb3 Na5 15. Qa3 Nc4 16. Bxc4 Qxc4 17. Qxe7 Nd5 18. Qe4 Qxe4 19. Nxe4 h6 20. Bd2 Rfe8 21. Rfe1 Bxb2 22. Rab1 Bg7 23. Rxb7 Rac8 24. Rd7 Nb6 25. Ra7 Nc4 26. Bxh6 Rxe4 27. Rxe4 Bxh6 28. Rxa6 Nd2 29. Re1 Rxc2 30. a4 Nb3 31. Rb6 Nd4 32. a5 Bd2 33.
Ra1 Bxa5 34. Rd6 Nf5 35. Rd5 Bc3 36. Rad1 Bf6 37. g3 Kg7 38. h4 Ne7 39. R5d2 Rc5 40. Re2 Nc6 41. Kg2 Nd4 42. Red2 Nb3 43. Rd3 Rb5 44. Rb1 Nd4 45. Rxb5 Nxb5 46. Rd7 Nd4 47. g4 Ne6 48. g5 Be5 49. Kf3 Kf8 50. Kg4 Bg7 51. f4 Ke8 52. Ra7 Nd4 53. h5 gxh5+ 54. Kxh5 Ne6 55. g6 Nxf4+ 56. Kg5 Nxg6 57. Kf5 Bf8 58.
Ra8+ Ke7 59. Ra7+ Ke8 60. Ra8+ Ke7 61. Rb8 Bg7 62. Rb7+ Ke8 63. Rb8+ Ke7 64. Rb7+ Kf8 65. Rb8+ Ke7 1/2-1/2

[Event "Late-Titled-Tuesday-Blitz-October-10-2023"]
[Site "Chess.com"]
[Date "2023.10.10"]
[Round "1"]
[White "sergiochess83"]
[Black "tolimachess"]
[Result "1-0"]
[WhiteElo "2869"]
[BlackElo "2450"]
[TimeControl "180+1"]
[EndTime "14:08:16 PDT"]
[Termination "sergiochess83 won by checkmate"]

1. d4 Nf6 2. c4 c5 3. d5 d6 4. Nc3 e5 5. e4 Be7 6. g3 O-O 7.
h3 h6 8. Be3 Nh7 9. Bd3 f5 10.
exf5 Bxf5 11. Bxf5 Rxf5 12. Qd3 Qd7 13. h4 Na6 14. a3 Raf8 15. Nge2 Nf6 16. O-O-O Ng4 17. Ne4 Rf3 18. N2c3 Qf5 19. Qe2 Nc7 20. Rhg1 a6 21. a4 a5 22. Bxc5 dxc5 23. d6 Bxd6 24. Nxd6 Qe6 25. Nde4 Nxf2 26. Nxf2 Rxf2 27. Qe4 Na6 28.
Nd5 Nb4 29. Rge1 Rc2+ 30. Kb1 Rff2 31. Nxb4 Rxb2+ 32. Ka1 axb4 33. Rd8+ Kf7 34. Qxb7+ Kg6 35. Qe4+ Kh5 36. g4+ Kxh4 37. Rh1+ Kg5 38. Rh5+ Kf6 39. Rf5+ Ke7 40. Qb7+ Kxd8 41. Qb8+ Ke7 42. Qc7+ Ke8 43.
Qb8+ Kd7 44. Qb7+ Kd6 45. Qb6+ Ke7 46. Qc7+ Qd7 47. Rxe5+ Kf6 48. Qxd7 Ra2+ 49. Kb1 Rfb2+ 50. Kc1 Rc2+ 51. Kb1 Rab2+ 52. Ka1 Kxe5 53. Qxg7+ Ke4 54. Qxb2 Rxb2 55. Kxb2 Kf4 56. a5 Kxg4 57. a6 h5 58. a7 h4 59. a8=Q Kg3 60. Qh1 h3 61. Kb3 h2 62.
Kc2 Kh3 63. Qf3+ Kh4 64. Qg2 Kh5 65. Qxh2+ Kg4 66. Qe5 Kf3 67. Kb3 Kf2 68. Qxc5+ Kf3 69. Qd5+ Kf4 70. c5 Ke3 71. c6 Kf4 72. c7 Ke3 73. c8=Q Kf2 74. Qh3 Kg1 75. Qdg2# 1-0

[Event "Late-Titled-Tuesday-Blitz-October-10-2023"]
[Site "Chess.com"]
[Date "2023.10.10"]
[Round "1"]
[White "Sacbutt"]
[Black "TimGrutter03"]
[Result "0-1"]
[WhiteElo "2200"]
[BlackElo "2577"]
[TimeControl "180+1"]
[EndTime "14:08:26 PDT"]
[Termination "TimGrutter03 won by checkmate"]

1. d4 Nf6 2. c4 c5 3. d5 e6 4. Nc3 exd5 5. cxd5 d6 6. e4 g6 7. f4 Bg7 8. Bb5+ Nfd7 9. a4 O-O 10. Nf3 a6 11.
Bd3 Re8 12. O-O c4 13. Bxc4 Nc5 14. e5 Bg4 15. exd6 Qxd6 16. h3 Bf5 17. Re1 Nbd7 18. Be3 Rac8 19. Bf1 Ne4 20. Nxe4 Bxe4 21. Bd4 Bxf3 22.
Rxe8+ Rxe8 23. gxf3 Qxf4 24. Bxg7 Kxg7 25. Ra3 Re3 26.
Rxe3 Qxe3+ 27. Kg2 Qe5 28. Qd2 g5 29. b3 Nf6 30. d6 Qf5 31. Bc4 Nd7 32. Qd4+ Kh6 33. Qd5 Qc2+ 34. Kg3 Qc1 35. Kg2 Qc2+ 36. Kg3 Qb1 37.
Kg2 Qb2+ 38. Kg3 Qa1 39. Kg2 f5 40. Qxf5 Qb2+ 41. Kg3 Qc1 42. Qe6+ Kh5 43. Kg2 Qc2+ 44. Be2 Nc5 45. Qg4+ Kg6 46. Qc4 Qd2 47. Kf2 Qxd6 48. Qc2+ Kg7 49. Qc3+ Kh6 50. Qc4 Qh2+ 51. Ke1 Qg1+ 52.
Kd2 Qf2 53. Kc2 b5 54. Kd2 bxc4 55. bxc4 Qg3 56. Kc3 Qf4 57. Kb4 Ne6 58. Ka5 Nd4 59. Kxa6 Nxe2 60. c5 Nd4 61. c6 Qc7 62. h4 Qxc6+ 63.
Ka5 Qc5+ 64. Ka6 Nc6 65. Kb7 Na5+ 66. Ka6 gxh4 67. f4 h3 68. f5 h2 69. f6 h1=Q 70.
f7 Qa8# 0-1

[Event "Late-Titled-Tuesday-Blitz-October-10-2023"]
[Site "Chess.com"]
[Date "2023.10.10"]
[Round "1"]
[White "MalyDominator"]
[Black "Dedic8"]
[Result "0-1"]
[WhiteElo "2447"]
[BlackElo "2853"]
[TimeControl "180+1"]
[EndTime "14:08:29 PDT"]
[Termination "Dedic8 won by resignation"]

1. e4 e5 2. Nf3 Nc6 3. Nc3 Nf6 4. d4 exd4 5. Nxd4 Bb4 6. Nxc6 bxc6 7. Bd3 d5 8. exd5 cxd5 9. O-O O-O 10. Bg5 c6 11. Qf3 h6 12. Bxf6 Qxf6 13. Qxf6 gxf6 14. Ne2 Rb8 15. Ng3 Re8 16. Rad1 Bg4 17. Rb1 Re5 18. h3 Bd7 19. c3 Bd6 20. b3 Rbe8 21. Rbd1 a5 22. c4 d4 23. f4 Re3 24. Nh5 Be7 25.
Kf2 Kf8 26. Rfe1 Bb4 27. Re2 R8e6 28. f5 R6e5 29. g4 Ke7 30. Ng3 c5 31. Nf1 Rxe2+ 32.
Bxe2 a4 33. Ng3 Re3 34. Rd3 Re5 35. Bf3 Be1+ 36. Kg2 Bxg3 37. Kxg3 a3 38. Kf2 Kd6 39. Bd5 Be8 40. h4 Re7 41. Rg3 Bd7 42. Rg1 Bc6 43. Bxc6 Kxc6 44. g5 hxg5 45. hxg5 fxg5 46. Rxg5 Re3 47. Rg7 Kd6 48. Rxf7 Rc3 49. Rf6+ Ke5 50.
Rc6 Ke4 51. Rxc5 Rc2+ 52. Ke1 Rxa2 53. f6 Rh2 54. f7 Rh8 55. Rd5 Rf8 56. Ra5 Rxf7 57.
Rxa3 Ke3 58. Kd1 d3 59. Kc1 Rf1+ 60. Kb2 d2 61. b4+ Kd4 62. Kc2 d1=Q+ 0-1

[Event "Late-Titled-Tuesday-Blitz-October-10-2023"]
[Site "Chess.com"]
[Date "2023.10.10"]
[Round "1"]
[White "pirulillo"]
[Black "SaqoChess_Twitch"]
[Result "1-0"]
[WhiteElo "2328"]
[BlackElo "2617"]
[TimeControl "180+1"]
[EndTime "14:08:33 PDT"]
[Termination "pirulillo won by checkmate"]

1. e4 c5 2. Nf3 d6 3. d4 cxd4 4. Nxd4 Nf6 5. Nc3 g6 6. Bc4 Bg7 7. O-O O-O 8. h3 Nc6 9. Nf3 a6 10. a4 b6 11. Re1 Bb7 12. Nd5 e6 13. Nxf6+ Bxf6 14. c3 Ne5 15. Nxe5 dxe5 16. Qe2 Qc7 17. Bh6 Rfd8 18. Red1 a5 19. f3 Rac8 20. Bb5 Qe7 21. Be3 Qc7 22. Qf2 Rxd1+ 23. Rxd1 Rd8 24. Rxd8+ Bxd8 25. Qe2 Qd6 26. Qd3 Qxd3 27. Bxd3 Bc6 28. b3 h5 29. Kf2 Kf8 30. Ke2 Ke8 31. Bf2 Kd7 32. Be3 Kc7 33. Kd2 Be7 34. Kc2 Bd7 35. Kd2 f6 36.
Kc2 h4 37. Kd2 g5 38. Kc2 f5 39. Kd2 f4 40. Bf2 Bd6 41. Kc2 Bc6 42. Kd2 Be8 43. Kc2 Bf7 44. Kd2 Kc6 45. Kc2 Bc5 46. Bxc5 bxc5 47.
Bb5+ Kb6 48. Kd3 Bg6 49. Kc4 Bf7 50. Bd7 Bg6 51. Bb5 Bf7 52. b4 cxb4 53. cxb4 axb4 54. Kxb4 Bh5 55. a5+ Kc7 56. Kc5 Bg6 57. a6 Bh7 58. Bc6 g4 59. a7 Bxe4 60. Bxe4 gxf3 61. gxf3 Kd7 62. a8=Q Ke7 63. Qc6 Kf6 64. Qd6 Kf7 65. Qxe5 Ke7 66. Qxf4 e5 67. Qxh4+ Ke6 68. Qg5 Kf7 69. h4 Ke6 70. h5 Kf7 71. h6 Ke8 72. h7 Kd7 73. h8=Q Ke6 74. Qhh6+ Kd7 75. Qgg7+ Ke8 76.
Qhh8# 1-0

[Event "Late-Titled-Tuesday-Blitz-October-10-2023"]
[Site "Chess.com"]
[Date "2023.10.10"]
[Round "1"]
[White "WPWPWP-2015"]
[Black "Firouzja2003"]
[Result "0-1"]
[WhiteElo "2519"]
[BlackElo "3067"]
[TimeControl "180+1"]
[EndTime "14:08:34 PDT"]
[Termination "Firouzja2003 won by resignation"]

1. e4 c5 2. Nf3 d6 3. Bb5+ Nd7 4. Ba4 a6 5. c3 Nf6 6. Bc2 b5 7. O-O Bb7 8. Re1 g6 9. d4 cxd4 10. cxd4 Bg7 11. Nbd2 O-O 12. a4 Qb6 13. a5 Qc7 14. Nb3 Rac8 15. Bd3 Rfe8 16. Bd2 e5 17. Rc1 Qb8 18. d5 Rxc1 19. Bxc1 Nf8 20. Be3 Bxd5 21. exd5 e4 22. Be2 exf3 23. Bxf3 N6d7 24. Nd4 Qd8 25.
Nc6 Qh4 26. g3 Qc4 27. b3 Qc3 28. Bg2 Nc5 29. Bd2 Rxe1+ 30. Bxe1 Qxb3 31. Qxb3 Nxb3 32. Bb4 Nc5 33. Ne7+ Kh8 34. Nc8 Be5 35. f4 Bd4+ 36.
Kf1 Nd3 37. Bd2 b4 38. Be4 Nc5 39. Bb1 b3 40. Nxd6 Kg8 41. Nc4 Nfd7 42. Ke2 Nf6 43. d6 Nd5 44. Ne5 Nf6 45. Nc6 Bg1 46. Nb4 Bxh2 47.
Nd3 Nce4 48. Be1 Bxg3 49. Bxg3 Nxg3+ 50. Kf3 Nge4 51. Nc1 Nxd6 52. Nxb3 Nd7 53. Nd4 Nc4 54. Bd3 Nxa5 55. Bxa6 Nc5 56. Bb5 Nab3 57. Ne2 Ne6 58. Ke3 Nbc5 59. Bc4 f5 60. Ng3 Kf7 61. Ne2 Kf6 62.
Nc3 Nc7 63. Kd4 N5e6+ 64. Ke3 Ng7 65. Ne2 h6 66. Kf3 Nge8 67. Nc3 Nd6 68. Bd3 Ne6 69.
Nd5+ Kg7 70. Bc2 Nd4+ 71. Ke3 Nxc2+ 72. Kd3 Na3 73. Kc3 Nac4 74. Kd4 Kf7 75. Nc7 h5 0-1

[Event "Late-Titled-Tuesday-Blitz-October-10-2023"]
[Site "Chess.com"]
[Date "2023.10.10"]
[Round "1"]
[White "YouShallNotPass001"]
[Black "rychessmaster1"]
[Result "1/2-1/2"]
[WhiteElo "2392"]
[BlackElo "2700"]
[TimeControl "180+1"]
[EndTime "14:08:35 PDT"]
[Termination "Game drawn by repetition"]

1. Nf3 d5 2. e3 Nf6 3. Be2 g6 4. O-O Bg7 5. d4 O-O 6. c4 c6 7. Nc3 Bf5 8. b4 dxc4 9. Bxc4 Nbd7 10. Qb3 Nb6 11. Be2 Ne4 12. Bb2 Qd7 13. a4 Rac8 14.
a5 Nd5 15. Nxe4 Bxe4 16. Nd2 Nf6 17. Nxe4 Nxe4 18. Rad1 Rfd8 19. Bf3 Nd6 20. g3 e6 21.
Bg2 Nb5 22. Rc1 h5 23. Rc2 Re8 24. a6 bxa6 25. Rfc1 Qd6 26. Rxc6 Rxc6 27. Rxc6 Qb8 28. Rxa6 Nc7 29. Ra5 Rc8 30. Qa4 Bf8 31. Ba3 a6 32. h4 Qb6 33. Qc2 Rb8 34. Ra4 Nb5 35. Qc6 Nxa3 36. Rxa3 Bxb4 37. Rxa6 Qxc6 38. Bxc6 Bf8 39. Kg2 Rb2 40. Kf3 Bb4 41. Rb6 Bc3 42. Rxb2 Bxb2 43. Ke2 Kf8 44. Kd3 Ba3 45. Kc3 Ke7 46. f3 Bd6 47. f4 f6 48. Kd3 e5 49. Ke4 exf4 50.
exf4 Bb8 51. Bd5 Bc7 52. Bb3 Bb8 53. Bc2 Kf7 54. Kf3 Kg7 55. Bb3 Bc7 56. Be6 Bb8 57. Ke4 g5 58. hxg5 fxg5 59. fxg5 Bxg3 60. Bf5 Bh4 61.
g6 Be7 62. Ke5 Bf6+ 63. Kd5 h4 64. Ke4 Be7 65. d5 Kf6 66. Kf4 Bd6+ 67. Kg4 Bf8 68.
Be4 Ke5 69. Bg2 Kf6 70. Kh5 Bg7 71. Bh3 Ke5 72. Bg2 h3 73. Bxh3 Kxd5 74. Kg5 Ke5 75. Kh5 Kf6 76. Bg4 Bf8 77. Bd1 Bg7 78. Bc2 Bf8 79. Bd1 Bg7 80. Bc2 Bf8 81. Bd1 1/2-1/2